 Dungeon Crawl Stone Soup version 0.29.1-1-gd02db6906a (webtiles) character file.

Game seed: 15616142225403436916

6 Descartes the Ducker (level 1, -2/9 HPs)
             Began as a Felid Wanderer on Oct 20, 2022.
             Slain by a hobgoblin (3 damage)
             ... on level 1 of the Dungeon.
             The game lasted 00:01:11 (943 turns).

Descartes the Ducker (Felid Wanderer)                Turns: 943, Time: 00:01:11

Health: -2/9       AC:  1    Str:  6    XL:     1   Next: 75%
Magic:  4/4        EV: 21    Int: 13    God:
Gold:   24         SH:  0    Dex: 17    Spells: 3/4 levels left
                                        Lives:  0   Deaths: 0

rFire   . . .      SeeInvis +   (weapon unavailable)
rCold   . . .      Faith    .   (shield unavailable)
rNeg    . . .      Spirit   .   (body armour unavailable)
rPois   .          Reflect  .   (helmet unavailable)
rElec   .          Harm     .   (cloak unavailable)
rCorr   .          Rampage  .   (gloves unavailable)
Will    .....                   (boots unavailable)
Stlth   ++........              (no amulet)
HPRegen 0.03/turn               (no ring)
MPRegen 0.09/turn               (no ring)

@: quick
A: very small, claws 1, fangs 3, see invisible, speed 1, shaggy fur 1, stealthy
paws, no weapons or thrown items, no armour, multi-lived
a: no special abilities


You were on level 1 of the Dungeon.
You visited 1 branch of the dungeon, and saw 1 of its levels.

You collected 24 gold pieces.

Inventory:

Scrolls
 b - a scroll of blinking
 d - 2 scrolls of identify {unknown}
 e - a scroll of poison {unknown}
Potions
 a - a potion of lignification
 c - a potion of flight {unknown}


   Skills:
 - Level 1.0 Fighting
 + Level 6.8 Dodging
 + Level 0.9 Unarmed Combat
 - Level 2.0 Spellcasting
 - Level 3.0 Translocations


You had 3 spell levels left.
You knew the following spells:

 Your Spells              Type           Power      Damage    Failure   Level
a - Apportation           Tloc           18%        N/A       8%          1

Your spell library contained the following spells:

 Spells                   Type           Power      Damage    Failure   Level
 Teleport Other           Tloc           9%         N/A       22%         3


Dungeon Overview and Level Annotations

Branches:
Dungeon (1/15)

Altars:


Innate Abilities, Weirdness & Mutations

You have sharp claws.
You have razor-sharp teeth.
You have supernaturally acute eyesight. (SInv)
You cover ground quickly. (Speed+)
You are covered in fur. (AC +1)
Your paws help you pounce on unaware monsters.
You are incapable of wielding weapons or throwing items.
You cannot wear armour.
You gain extra lives every three experience levels.


Message History

You scratch the endoplasm.
The endoplasm is moderately wounded.
The frilled lizard completely misses you.
The endoplasm closely misses you. The hobgoblin misses you.
You scratch the endoplasm.
The endoplasm is almost dead.
The endoplasm closely misses you. The hobgoblin hits you.
The frilled lizard closely misses you.
You barely miss the endoplasm.
The endoplasm is almost dead.
The frilled lizard barely misses you. The hobgoblin hits you.
The endoplasm barely misses you.
You are too injured to fight recklessly!
You are too injured to fight recklessly!
You are too injured to fight recklessly!
You are too injured to fight recklessly!
You are too injured to fight recklessly!
You are too injured to fight recklessly!
You are too injured to fight recklessly!
You are too injured to fight recklessly!
You are too injured to fight recklessly!
You are too injured to fight recklessly!
You are too injured to fight recklessly!
You are too injured to fight recklessly!
You are too injured to fight recklessly!
The frilled lizard unfolds its giant frill.
A rat comes into view.
There is a broken door here.
You see here a +0 dagger.
You open the door.
There is an open door here.
The rat completely misses you.
You scratch the rat but do no damage. The rat bites you.
You completely miss the rat. The rat closely misses you.
You barely miss the rat. The rat completely misses you.
You barely miss the rat. The rat bites you.
* * * LOW HITPOINT WARNING * * *
You completely miss the rat. The rat closely misses you.
The hobgoblin hits you.
You die...

#####.###########
#...#.#.........# ###
#...#.'.........###..
#...###.........##...
+...+................
#...####.............
#..............###...
+....g.#####...# #.##
#...@r.#...#...# #.#
########....###.8.###.#
#.#
........#+#.#.......#.#
#.# ### #######.#
#.'.8.<.8.'.# #.# #..
...#.# #.#....)..#.#
#.# #.#######'#J#
#.###.8.###.# #.#
#.#.........# #..
#...#...#
+#.#.###....l# #..
#####...#
...#.........# ...
........###+##


You could see a hobgoblin and a rat.

Vanquished Creatures
  An endoplasm (D:1)
  4 goblins (D:1)
5 creatures vanquished.

Notes
Turn   | Place    | Note
-------+----------+-------------------------------------------
     0 | D:1      | Descartes the Felid Wanderer began the quest for the Orb.
     0 | D:1      | Descartes set off with the following items: a potion of
                  | lignification, a scroll of blinking; and the following
                  | spell memorised: Apportation; and the following spells
                  | available to memorise: Teleport Other.
     0 | D:1      | Reached XP level 1. HP: 9/9 MP: 4/4
   943 | D:1      | Slain by a hobgoblin

Illustrated notes

Levels and vault maps discovered:
D:1:      dpeg_arrival_simpleton_c, layout_basic, basic_ecumenical_altar,
          st_stairs_10, hex_intersection

Action                   || total
-------------------------++-------
Melee: Unarmed           ||    35
Armor: Skin              ||     1
Dodge: Dodged            ||    30
